 Dungeon Crawl Stone Soup version 0.25-a0-1119-g28b6fd0c3b (webtiles) character file.

Game seed: 14759103671514279457, levelgen mode: deterministic

4162 Lanoc the Cleaver (level 10, -3/132 HPs)
             Began as a Minotaur Wanderer on May 17, 2020.
             Was a Believer of Uskayaw.
             Slain by a killer bee (7 damage)
             ... on level 8 of the Dungeon.
             The game lasted 00:13:28 (9418 turns).

Lanoc the Cleaver (Minotaur Wanderer)               Turns: 9418, Time: 00:13:29

Health: -3/132     AC: 25    Str: 14    XL:     10   Next: 7%
Magic:  12/12      EV:  2    Int: 10    God:    Uskayaw [**....]
Gold:   421        SH:  0    Dex: 17    Spells: 11/11 levels left

rFire    . . .     SeeInvis .   a - +0 hand axe (venom)
rCold    + . .     Gourm    .   (no shield)
rNeg     + + +     Faith    .   (armour currently unavailable)
rPois    +         Spirit   .   (helmet currently unavailable)
rElec    .         Reflect  .   (cloak currently unavailable)
rCorr    .         Harm     .   (gloves currently unavailable)
MR       .....     NoTele   +   (boots currently unavailable)
Stlth    +++.......             (no amulet)
HPRegen  0.32/turn              i - ring of protection from cold
MPRegen  0.13/turn              x - ring of stealth

@: brilliant, lethally poisoned (-3 -> -48), tree-form, berserk cooldown
A: (retaliatory headbutt), agile 1, low mp 1, wild magic 1
a: Stomp, Line Pass, Renounce Religion


You were on level 8 of the Dungeon.
You worshipped Uskayaw.
Uskayaw was noncommittal.
You were not hungry.
You were a tree.
You visited 2 branches of the dungeon, and saw 9 of its levels.

You collected 421 gold pieces.

Inventory:

Hand Weapons
 a - a +0 hand axe of venom (weapon)
 A - a +0 war axe
 E - a +0 broad axe
Armour
 k - a +0 cloak (melded)
 D - +0 steam dragon scales (melded)
 F - a +0 plate armour
Jewellery
 i - a ring of protection from cold (left branch)
 x - a ring of stealth (right branch)
Wands
 b - a wand of flame (38)
 j - a wand of acid (19)
 v - a wand of random effects (15)
 y - a wand of polymorph (11)
 G - a wand of enslavement (14)
Scrolls
 c - 5 scrolls of teleportation {unknown}
 g - 12 scrolls of identify {unknown}
 l - 3 scrolls of noise {unknown}
 n - a scroll of fear {unknown}
 p - 4 scrolls of amnesia {unknown}
 s - 2 scrolls of enchant weapon {unknown}
 w - a scroll of blinking {unknown}
 z - a scroll of remove curse {unknown}
 B - a scroll of silence {unknown}
 H - a scroll of random uselessness {unknown}
Potions
 o - a potion of mutation
 q - a potion of magic
 r - a potion of stabbing {unknown}
 t - a potion of berserk rage
 u - a potion of degeneration {unknown}
Comestibles
 f - 7 rations


   Skills:
 + Level 7.7 Fighting
 * Level 10.4 Axes
 + Level 5.6 Armour
 + Level 5.2 Dodging
 - Level 1.0 Stealth
 - Level 1.0 Spellcasting
   Level 2.9 Conjurations
 * Level 6.9 Invocations
 - Level 1.0 Evocations


You had 11 spell levels left.
You didn't know any spells.
Your spell library contained the following spells:

 Spells                   Type           Power        Failure   Level  Hunger
 Animate Skeleton         Necr           N/A          43%         1    None
 Apportation              Tloc           #.....       43%         1    None
 Corona                   Hex            #......      43%         1    None
 Summon Small Mammal      Summ           #...         43%         1    None
 Ensorcelled Hibernation  Hex/Ice        #.....       54%         2    None
 Dazzling Flash           Conj/Hex       #.....       58%         3    None
 Confusing Touch          Hex            #.......     78%         3    None
 Tukima's Dance           Hex            #.......     78%         3    None


Dungeon Overview and Level Annotations

Branches:
Dungeon (8/15)             Temple (1/1) D:4
   Lair: D:8-11

Altars:
Ashenzari
Cheibriados
Dithmenos
Elyvilon
Fedhas
Gozag
Kikubaaqudgha
Nemelex Xobeh
Okawaru
Qazlal
Trog
Uskayaw
Wu Jian
Yredelemnul
Zin
The Shining One


Innate Abilities, Weirdness & Mutations

((You reflexively headbutt those who attack you in melee.))
((You have a pair of horns on your head.))
You are agile. (Dex +2)
Your magical capacity is low. (-10% MP)
Your spells are a little harder to cast, but a little more powerful.


Message History

* * * LOW HITPOINT WARNING * * *
You feel very sick.
You hear an angry buzzing noise.
The queen bee stings you but does no damage.
It was a potion of magic.
Magic courses through your body.
* * * LOW HITPOINT WARNING * * *
You feel very sick.
The killer bee stings you but does no damage.
The queen bee stings you.
* * * LOW HITPOINT WARNING * * *
You are more poisoned.
The queen bee poisons you! The killer bee stings you.
* * * LOW HITPOINT WARNING * * *
It was a potion of brilliance.
You feel clever all of a sudden.
* * * LOW HITPOINT WARNING * * *
You feel very sick.
The killer bee stings you but does no damage.
The killer bee stings you!
You die...

.......####.##..# #.#
#####..# #.#...# #.#
##..####...#.# #.#
####............# #.#
...#..##.###.##.###.#
....### #.#.......>.#
...## #...##.#####
###.# #.##.##.#######
##.# ....>..y♣y†[).#
#.# .###.########.#
#.# # #.# ##
..######y# .........#
#.##...y.# ###y..#
....# y##..#


You could see a queen bee and a killer bee (berserk).

Vanquished Creatures
  Pikel (D:5)
  A hippogriff (D:7)
  Eustachio (D:4)
  A steam dragon (D:8)
  A hungry ghost (D:7)
  Duvessa (D:5)
  A sky beast (D:8)
  A phantom (D:8)
  A black bear (D:7)
  3 ogres (D:5)
  2 orc warriors
  3 centaurs
  4 bullfrogs
  Dowan (D:5)
  4 scorpions
  9 killer bees (D:8)
  4 wights (D:8)
  A crimson imp (D:7)
  A centaur zombie (D:7)
  A quasit (D:7)
  5 hounds
  2 centaur skeletons
  3 orc priests
  4 orc wizards
  2 bullfrog skeletons (D:7)
  Ijyb (D:5)
  Natasha (thrice) (D:2)
  4 worker ants
  A hound zombie (D:7)
  4 gnolls (D:5)
  A howler monkey skeleton (D:4)
  9 adders
  A shadow imp (D:5)
  3 oozes
  4 adder skeletons
  3 worms
  2 dart slugs
  7 leopard geckos
  17 orcs
  7 giant cockroaches
  8 goblins
  6 hobgoblins
  6 jackals
  9 kobolds
  2 quokkas
  A ball python (D:2)
  3 bats
  5 frilled lizards
  A leopard gecko skeleton (D:7)
  10 rats
176 creatures vanquished.

Notes
Turn   | Place    | Note
-------+----------+-------------------------------------------
     0 | D:1      | Lanoc the Minotaur Wanderer began the quest for the Orb.
     0 | D:1      | Lanoc set off with the following items: a +2 dagger, a
                  | potion of heal wounds, a +0 ring mail, a +0 hand axe, a
                  | ration
     0 | D:1      | Reached XP level 1. HP: 18/18 MP: 1/1
    70 | D:1      | Reached skill level 2 in Axes
    86 | D:1      | Reached XP level 2. HP: 17/25 MP: 2/2
   458 | D:1      | Reached skill level 3 in Axes
   565 | D:1      | Reached XP level 3. HP: 31/31 MP: 3/3
  1235 | D:2      | Found a blossoming altar of Fedhas.
  1367 | D:2      | Noticed Natasha
  1372 | D:2      | Killed Natasha
  1372 | D:2      | Reached skill level 4 in Axes
  1372 | D:2      | Reached XP level 4. HP: 25/38 MP: 4/4
  1509 | D:2      | Found an ancient bone altar of Kikubaaqudgha.
  1513 | D:2      | Found an ornate altar of the Wu Jian Council.
  1513 | D:2      | Found an iron altar of Okawaru.
  1525 | D:2      | Found a sparkling altar of Nemelex Xobeh.
  1637 | D:2      | Noticed Natasha
  1645 | D:2      | Killed Natasha
  1887 | D:2      | Noticed Natasha
  1892 | D:2      | Killed Natasha
  2172 | D:3      | Reached XP level 5. HP: 46/46 MP: 5/5
  2181 | D:3      | Reached skill level 5 in Axes
  2608 | D:3      | Found a white marble altar of Elyvilon.
  2609 | D:3      | Found a glowing golden altar of the Shining One.
  2609 | D:3      | Found a glowing silver altar of Zin.
  3069 | D:4      | Reached skill level 6 in Axes
  3069 | D:4      | Reached XP level 6. HP: 37/55 MP: 6/6
  3429 | D:4      | Found a staircase to the Ecumenical Temple.
  3452 | Temple   | Entered the Ecumenical Temple
  3472 | Temple   | Became a worshipper of Uskayaw the Reveler
  3505 | D:4      | Noticed Eustachio
  3509 | D:4      | Reached * piety under Uskayaw
  3547 | D:4      | Killed Eustachio
  3547 | D:4      | Reached skill level 5 in Fighting
  3547 | D:4      | Reached skill level 1 in Armour
  3547 | D:4      | Reached skill level 1 in Invocations
  3547 | D:4      | Reached ** piety under Uskayaw
  3697 | D:4      | Reached skill level 1 in Dodging
  3825 | D:4      | Reached XP level 7. HP: 59/61 MP: 7/7
  3843 | D:4      | Found a sparkling altar of Nemelex Xobeh.
  4256 | D:5      | Entered Level 5 of the Dungeon
  4379 | D:5      | Noticed Duvessa
  4379 | D:5      | Noticed Dowan
  4394 | D:5      | Killed Duvessa
  4394 | D:5      | Reached skill level 7 in Axes
  4784 | D:5      | Noticed Ijyb
  4797 | D:5      | Killed Ijyb
  4895 | D:5      | Killed Dowan
  4938 | D:5      | Reached *** piety under Uskayaw
  4943 | D:5      | Noticed Pikel
  4945 | D:5      | Reached **** piety under Uskayaw
  4952 | D:5      | Reached ***** piety under Uskayaw
  4981 | D:5      | Killed Pikel
  4981 | D:5      | Reached skill level 8 in Axes
  4981 | D:5      | Reached XP level 8. HP: 11/70 MP: 8/10
  4981 | D:5      | Reached ****** piety under Uskayaw
  6561 | D:6      | Reached skill level 5 in Invocations
  6966 | D:6      | Reached XP level 9. HP: 74/78 MP: 11/11
  7000 | D:6      | Reached skill level 9 in Axes
  7327 | D:7      | Found a sparkling altar of Nemelex Xobeh.
  8367 | D:8      | Reached skill level 5 in Armour
  8728 | D:8      | Reached skill level 10 in Axes
  8868 | D:8      | Reached skill level 5 in Dodging
  9377 | D:8      | Noticed a queen bee
  9383 | D:8      | Reached XP level 10. HP: 55/88 MP: 14/14
  9409 | D:8      | HP: 2/88 [poisoned by a killer bee]
  9416 | D:8      | Gained mutation: You are agile. (Dex +2) [potion of
                  | mutation]
  9416 | D:8      | Gained mutation: Your magical capacity is low. (-10% MP)
                  | [potion of mutation]
  9416 | D:8      | Gained mutation: Your spells are a little harder to cast,
                  | but a little more powerful. [potion of mutation]
  9418 | D:8      | HP: 4/132 [poisoned by a queen bee]
  9418 | D:8      | Slain by a killer bee

Illustrated notes

Levels and vault maps discovered:
D:1:      dpeg_arrival_court, layout_basic, minivault_14
D:2:      layout_basic, grunt_temple_overflow_open,
          nicolae_overflow_crystal_walls, wander_ebering_terrifying_dragon_lair,
          uniq_natasha
D:3:      layout_loops_cross, good_gods_temple_1, first_ration
D:4:      layout_loops_ring, minmay_temple_entry_poolview,
          nemelex_xobeh_ov_fountains_minmay, uniq_eustachio
D:5:      layout_basic, uniq_ijyb, uniq_duvessa, uniq_pikel
D:6:      layout_rooms, nrook_mini_vaults
D:7:      layout_cave_pods, basic_altar
D:8:      layout_loops_ring, david_nohive_1
Temple:   nicolae_temple_great_sept

Skill      XL: |  1  2  3  4  5  6  7  8  9 |
---------------+----------------------------+-----
Axes           | 2 3 4 6 8 10 | 10.4
Fighting       | 3 4 5 6 7 |  7.7
Armour         | 1 3 4 5 |  5.6
Invocations    | 1 4 5 6 |  6.9
Dodging        | 1 3 5 |  5.2
Stealth        | |  1.0
Spellcasting   | |  1.0
Conjurations   | |  2.9
Evocations     | |  1.0

Action                   |  1- 3 |  4- 6 |  7- 9 | 10-12 || total
-------------------------+-------+-------+-------+-------++-------
Melee: Hand axe          |    74 |   187 |   413 |    15 ||   689
       Headbutt          |    12 |    35 |    95 |     2 ||   144
  Use: Potion            |       |       |     5 |     8 ||    13
 Stab: Paralysed         |       |       |    27 |     3 ||    30
       Sleeping          |       |       |     7 |       ||     7
  Eat: Chunk             |     1 |     8 |    17 |       ||    26
       Ration            |       |       |     1 |       ||     1
Armor: Ring mail         |    24 |    58 |   103 |       ||   185
       Steam dragon scal |       |       |    12 |     4 ||    16
       Skin              |       |       |       |     4 ||     4
Dodge: Dodged            |    44 |   102 |   244 |    18 ||   408

Table legend:
 A = Non-vault XP
 B = Vault XP
 C = Vault XP percentage of total XP
 D = Non-vault monster count
 E = Vault monster count
 F = Vault count percentage of total count
                 A         B        C        D         E       F
            +---------+---------+-------+---------+---------+-------
      Total |    4268 |    1678 |  28.2 |     160 |      16 |   9.1
            +---------+---------+-------+---------+---------+-------
        D:1 |      56 |       0 |   0.0 |      29 |       0 |   0.0
        D:2 |     100 |      36 |  26.5 |      13 |       2 |  13.3
        D:3 |     133 |       0 |   0.0 |      27 |       0 |   0.0
        D:4 |     308 |     196 |  38.9 |      18 |       1 |   5.3
        D:5 |     679 |     883 |  56.5 |      23 |       4 |  14.8
        D:6 |     530 |       0 |   0.0 |      13 |       0 |   0.0
        D:7 |    1061 |       0 |   0.0 |      16 |       0 |   0.0
        D:8 |    1401 |     563 |  28.7 |      21 |       9 |  30.0
            +---------+---------+-------+---------+---------+-------
